[Event "*** Titled Tuesday Blitz"]
[Site "Chess.com"]
[Date "2019.08.06"]
[Round "2"]
[White "GMHess"]
[Black "I-Mesquita"]
[Result "1-0"]
[WhiteElo "2793"]
[BlackElo "2710"]
[TimeControl "180+2"]
[EndTime "13:24:32 PDT"]
[Termination "GMHess won by resignation"]

1. d4 Nf6 2. c4 e6 3. Nc3 Bb4 4. Qc2 O-O 5. a3 Bxc3+ 6. Qxc3 d5 7. Nf3 dxc4 8. Qxc4 b6 9. Bg5 Ba6 10. Qa4 Qd7 11.
Qc2 c5 12. dxc5 Rc8 13. Bxf6 gxf6 14. Qe4 Qb5 15. b4 bxc5 16. e3 c4 17. Qxa8 Nc6 18. Qxc8+ Bxc8 19. Rc1 Ne5 20. Nxe5 Qxe5 21. Bxc4 Bb7 22.
Be2 Qb2 23. Rd1 Qc3+ 24. Rd2 Qxa3 25. O-O Qxb4 26. Rd4 Qc5 27. Rb1 Bd5 28. h3 f5 29.
Bd3 a5 30. Rb5 Qc1+ 31. Kh2 Qe1 32. Bxf5 Qxf2 33. Rg4+ Kf8 34. e4 h5 35. Rb8+ Ke7 36.
Rgg8 Qf4+ 37. Kg1 Qe3+ 38. Kh2 Bxe4 39. Bxe4 Qxe4 40. Ra8 a4 41. Ra7+ Kf6 42. Rga8 Qf4+ 43. Kg1 Qe3+ 44. Kf1 Qd3+ 45. Kf2 Qd4+ 46. Kf1 Qc4+ 47.
Kg1 Qd4+ 48. Kh1 e5 49. Rxa4 Qd1+ 50. Kh2 Kf5 51. Rh4 f6 52. Rxh5+ Kg6 53. Rh4 Kf5 54. Rg4 Qd6 55. Raa4 e4+ 56. Rg3 e3 57. Ra3 e2 58.
Rf3+ Qf4 59. Rxf4+ Kxf4 60. Rf3+ Ke4 61. Rxf6 1-0

[Event "*** Titled Tuesday Blitz"]
[Site "Chess.com"]
[Date "2019.08.06"]
[Round "2"]
[White "Ginzburg_Yakov"]
[Black "Eliwood44"]
[Result "1-0"]
[WhiteElo "2500"]
[BlackElo "2336"]
[TimeControl "180+2"]
[EndTime "13:24:32 PDT"]
[Termination "Ginzburg_Yakov won by resignation"]

1. e4 e5 2. Nf3 Nc6 3. Bb5 a6 4. Bxc6 bxc6 5. O-O d6 6. d4 f6 7. h3 Ne7 8. c3 Ng6 9. Na3 Be7 10. Nc2 O-O 11.
Nb4 Bd7 12. Nd3 Kh8 13. Re1 Rb8 14. Be3 d5 15. Nd2 dxe4 16. Nxe4 f5 17. Nec5 f4 18. Bd2 exd4 19. cxd4 f3 20. g4 Bd6 21. Re4 Qh4 22.
Qf1 Rbd8 23. Rae1 Bc8 24. Ne6 Bxe6 25. Rxe6 Bf4 26. Bb4 Bd6 27. Bd2 Nf4 28. Bxf4 Bxf4 29. R1e4 Bd6 30. Ne5 Bxe5 31. R6xe5 Qf6 32. Qc4 c5 33.
Rxc5 h6 34. Kh2 Qd6+ 35. Rce5 Qb6 36. b4 Rd6 37. a4 Rdf6 38. Qc5 Qb8 39. Kg3 c6 40. a5 Qc7 41. h4 h5 42. g5 Rf5 43.
Kh3 Rf4 44. Rxf4 Rxf4 45. Re8+ Kh7 46. g6+ Kxg6 47. Qg5+ Kf7 48. Qxh5+ Kf6 49. Rf8+ Ke6 50. Qg6+ Rf6 51. Qe4+ Kd7 52. Rxf6 gxf6 53. Qh7+ Kd6 54. Qxc7+ Kxc7 55. h5 Kd6 56. h6 Kd5 57. h7 c5 58.
dxc5 Kc4 1-0

[Event "*** Titled Tuesday Blitz"]
[Site "Chess.com"]
[Date "2019.08.06"]
[Round "2"]
[White "Hanging_pointer"]
[Black "Zq1"]
[Result "1-0"]
[WhiteElo "2445"]
[BlackElo "2589"]
[TimeControl "180+2"]
[EndTime "13:24:35 PDT"]
[Termination "Hanging_pointer won by resignation"]

1. e4 c5 2. Nf3 d6 3. d4 cxd4 4. Nxd4 Nf6 5. Nc3 Nc6 6. Bg5 g6 7. Bxf6 exf6 8. Qd2 Bg7 9. O-O-O O-O 10. Bc4 Nxd4 11. Qxd4 f5 12. Qxd6 Qxd6 13. Rxd6 Bxc3 14. bxc3 fxe4 15. Re1 Bf5 16. Bd5 Rac8 17. Kb2 Rc5 18. Bxe4 Be6 19. Rd4 b6 20. Re3 Rfc8 21. f4 h5 22.
Bxg6 fxg6 23. Rxe6 Rxc3 24. Rd2 Kf7 25. Red6 R3c7 26.
g3 Kg7 27. Rd7+ Kf6 28. R7d5 Rc6 29. Re2 R8c7 30. Red2 Ke6 31. Re5+ Kf6 32. a3 Kf7 33. Rb5 Rc3 34. Rb3 R3c4 35. Re3 R4c5 36. h3 Rb5+ 37. Rb3 Rbc5 38. Rf2 Rc4 39. g4 hxg4 40. hxg4 Re4 41. Rb4 Re3 42. f5 g5 43. Rh2 Kf6 44. Rh6+ Kg7 45. Rg6+ Kf7 46. Rb3 Re4 47. Rxg5 Rcc4 48. Rg3 Re2 49. Rc3 Rf4 50. Rg6 Rg2 51. Rc7+ Kf8 52.
Rc8+ Kf7 53. Rc7+ Kf8 54. Rd6 Ke8 55. Re6+ Kd8 56. Rxa7 Rc4 57. Rd6+ Kc8 58. Rd3 Rcxc2+ 59. Kb3 Rb2+ 60. Kc4 Rxg4+ 61. Kd5 Rb5+ 62. Ke6 Re4+ 63. Kd6 Rxf5 64. Rc3+ Kb8 65. Rcc7 Rf6+ 66. Kd5 Ra4 67. Rcb7+ Kc8 68. Rc7+ Kb8 69. Rcb7+ Kc8 70. Rxa4 Kxb7 71. Kc4 Rf4+ 72. Kb3 Kc6 73. Rxf4 1-0

[Event "*** Titled Tuesday Blitz"]
[Site "Chess.com"]
[Date "2019.08.06"]
[Round "2"]
[White "Ceejay271"]
[Black "Caisachess"]
[Result "1-0"]
[WhiteElo "2279"]
[BlackElo "2309"]
[TimeControl "180+2"]
[EndTime "13:24:38 PDT"]
[Termination "Ceejay271 won by resignation"]

1. Nf3 Nf6 2. g3 e6 3. Bg2 d5 4. O-O Be7 5. b3 O-O 6. Bb2 c5 7. d4 cxd4 8. Nbd2 Nc6 9. Nxd4 Nxd4 10. Bxd4 b6 11. c4 Bb7 12. Bb2 Rb8 13. Rc1 dxc4 14. Nxc4 Bxg2 15. Kxg2 Qxd1 16. Rfxd1 Rfd8 17. Ne5 Rxd1 18. Rxd1 Rc8 19. Rc1 Rxc1 20. Bxc1 Bd6 21. Nc6 a6 22. f3 Kf8 23. e4 Bc5 24. b4 Be7 25. Be3 b5 26. a3 Nd7 27. Kf2 Bd6 28. f4 Nb8 29. Nd4 Ke8 30. e5 Be7 31. g4 g6 32.
Kf3 Kd7 33. Ke4 Nc6 34. Nb3 f6 35. Bc5 Bd8 36. Bd6 f5+ 37. Kf3 Bb6 38. Bc5 Bc7 39. Be3 a5 40. bxa5 Nxa5 41. Nd4 Nc4 42. Bc1 Bb6 43. Nxb5 Kc6 44. a4 Kd5 45. gxf5 gxf5 46. Na3 Na5 47. Be3 Bd8 48. Nb5 Be7 49. Bd2 Bd8 50.
Bxa5 Bxa5 51. Nd6 Bd2 52. Nf7 Kc5 53. Ng5 Kb4 54. Nxh7 Kxa4 55. Ng5 Kb4 56. Nxe6 Kc4 57. Ng7 Kd5 58. Nxf5 Ke6 59. Ne3 Bc3 60. Ke4 Bd2 61.
f5+ Ke7 62. Nd5+ Kf7 63. e6+ Ke8 64. f6 Bh6 65. Kf5 Bf8 66. e7 Bh6 67. Ke6 1-0

[Event "*** Titled Tuesday Blitz"]
[Site "Chess.com"]
[Date "2019.08.06"]
[Round "2"]
[White "Ba_clbaf_osed_ingo_3v21"]
[Black "FedaMaster"]
[Result "1-0"]
[WhiteElo "2529"]
[BlackElo "2563"]
[TimeControl "180+2"]
[EndTime "13:24:39 PDT"]
[Termination "Ba_clbaf_osed_ingo_3v21 won on time"]

1. d4 Nf6 2. c4 g6 3. Nc3 d5 4. cxd5 Nxd5 5. e4 Nxc3 6. bxc3 c5 7. Qa4+ Nd7 8. Nf3 Bg7 9. Be2 O-O 10. O-O Nf6 11. Bd3 b6 12. Bf4 Bb7 13. Rfe1 cxd4 14. cxd4 Qd7 15. Qxd7 Nxd7 16. Rac1 Rfc8 17. Kf1 Rxc1 18.
Rxc1 Rc8 19. Rxc8+ Bxc8 20. Ke2 Kf8 21. Bb5 f6 22.
Bc7 Kf7 23. Kd3 e6 24. Kc4 Ke7 25. d5 Bb7 26. d6+ Ke8 27. Nd4 a6 28. Bc6 Bxc6 29.
Nxc6 f5 30. f3 fxe4 31. fxe4 Nf6 32. Nb8 a5 33. Kb5 Nd7 34. Nxd7 Kxd7 35. Kxb6 a4 36. Kb5 a3 37. Kb4 Bb2 38. Kb3 Be5 39. g3 g5 40.
Kxa3 g4 41. Kb4 Bd4 42. a4 Bg1 43. a5 Bxh2 44. Bb6 Bxg3 45. a6 Bxd6+ 46. Kc4 Bb8 47. a7 Bxa7 48. Bxa7 Ke7 49. Bf2 Kf6 50. Kd4 Kg5 51. Ke5 h5 52. Be3+ Kh4 53. Kxe6 g3 54.
Kf5 Kh3 55. e5 1-0

[Event "*** Titled Tuesday Blitz"]
[Site "Chess.com"]
[Date "2019.08.06"]
[Round "2"]
[White "Bigfish1995"]
[Black "ArnaudovP"]
[Result "1-0"]
[WhiteElo "3053"]
[BlackElo "2648"]
[TimeControl "180+2"]
[EndTime "13:24:40 PDT"]
[Termination "Bigfish1995 won by resignation"]

1. d4 Nf6 2. c4 Nc6 3. d5 Ne5 4. Qc2 e6 5. Nc3 exd5 6. cxd5 Bb4 7. a3 Ba5 8. b4 Bb6 9. Bf4 Ng6 10. Bg3 d6 11. e3 O-O 12. Nf3 a5 13. b5 a4 14.
Bc4 Ba5 15. O-O Re8 16. Nxa4 Ne4 17. Bd3 Nf6 18. Qc4 Bd7 19. Rfc1 Qe7 20. Nc3 Ng4 21. Qb3 N4e5 22. Nxe5 Nxe5 23. Be2 Qf6 24. Na2 g6 25. Nb4 h5 26. h4 Bg4 27. Bxg4 Nxg4 28. Rab1 Bb6 29. Qc3 Kg7 30. Qxf6+ Nxf6 31. Rb3 Ne4 32.
Bf4 Nc5 33. Rbc3 Na4 34. R3c2 Nc5 35. Ra1 Ra4 36. Rb2 Rea8 37. f3 Rxa3 38. Rxa3 Rxa3 39. Kf2 Nd3+ 40. Nxd3 Rxd3 41. Ke2 Rxd5 42. e4 Rc5 43. Kd3 Ba5 44. Rb3 Bb6 45. Bd2 Kf8 46. f4 d5 47. Bb4 dxe4+ 48. Kxe4 Kg7 49. Bxc5 Bxc5 50. Rc3 b6 51. Kd5 Bd6 52. Ke4 Kf6 53. Rf3 Ke6 54. f5+ Kf6 55. fxg6+ Kxg6 56. Rc3 f5+ 57. Kd5 Kf6 58.
Rf3 f4 59. Ke4 Be5 60. Rxf4+ Bxf4 61. Kxf4 Ke6 62. g4 hxg4 63. Kxg4 Kf6 64. Kf4 Kg6 65. Ke5 Kh5 66. Kd5 Kxh4 67. Kc6 Kg5 68. Kxc7 Kf6 69. Kxb6 Ke7 70. Kc7 1-0

[Event "*** Titled Tuesday Blitz"]
[Site "Chess.com"]
[Date "2019.08.06"]
[Round "2"]
[White "AtabayevSaparmyrat"]
[Black "chito89"]
[Result "1/2-1/2"]
[WhiteElo "2617"]
[BlackElo "2829"]
[TimeControl "180+2"]
[EndTime "13:24:41 PDT"]
[Termination "Game drawn by agreement"]

1. d4 d5 2. c4 dxc4 3. e3 Nf6 4.
Bxc4 e6 5. Nf3 a6 6. Be2 c5 7.
O-O cxd4 8. Nxd4 Be7 9. b3 O-O 10. Bb2 e5 11. Nf3 e4 12. Qxd8 Rxd8 13. Nd4 Bg4 14.
Bxg4 Nxg4 15. Nd2 Nf6 16. Rfd1 Nbd7 17. Rac1 Bf8 18. Rc7 Nc5 19. Ba3 Rd5 20. Bxc5 Bxc5 21. Rc1 Bxd4 22. Rc8+ Rd8 23. Rxa8 Rxa8 24. exd4 Rd8 25.
Kf1 h5 26. Ke2 Rxd4 27. Rc8+ Kh7 28. Rc7 Nd5 29. Rxf7 Nc3+ 30. Ke1 b5 31. Re7 b4 32. Re6 Nxa2 33. Rxa6 Nc3 34. Re6 g6 35. Re7+ Kh6 36.
Re5 Rd8 37. Re7 Kg5 38. Re5+ Kf6 39. Ra5 h4 40. h3 Rd3 41. Ra6+ Kg7 42. Rb6 e3 43.
fxe3 Rxe3+ 44. Kf1 Rd3 45. Nc4 Nd5 46. Rb5 Kf6 47.
Ke2 Nf4+ 48. Kf2 Rxb3 49. Rb6+ Kg5 50. Ne3 Nd3+ 51. Ke2 Ne5 52. Rb5 Kf6 53. Rxb4 Rxb4 54. Nd5+ Kf5 55. Nxb4 Kf4 56. Kf2 1/2-1/2

[Event "*** Titled Tuesday Blitz"]
[Site "Chess.com"]
[Date "2019.08.06"]
[Round "2"]
[White "HomayoonTofighi"]
[Black "daro94"]
[Result "1-0"]
[WhiteElo "2823"]
[BlackElo "2697"]
[TimeControl "180+2"]
[EndTime "13:24:42 PDT"]
[Termination "HomayoonTofighi won by resignation"]

1. e4 e5 2. Nf3 Nc6 3. Bc4 Bc5 4. c3 Nf6 5. d3 d6 6. Bb3 a6 7. Nbd2 O-O 8. h3 Be6 9. Nf1 Bxb3 10. axb3 d5 11. Qe2 Re8 12. Ng3 h6 13. O-O Bf8 14. b4 g6 15. Be3 Qd7 16. Rfd1 Rad8 17. Qc2 Qe6 18. Kh2 Rd7 19. Qa4 Red8 20. Re1 dxe4 21.
dxe4 Qc4 22. Rac1 Qe6 23. b5 axb5 24. Qxb5 b6 25. b4 Kh7 26. Ra1 Bg7 27. Qe2 Ne8 28.
Nd2 Nd6 29. f3 f5 30. exf5 gxf5 31. Nh5 Bh8 32. f4 e4 33. Ra3 Ne7 34. c4 Ne8 35.
g4 Nf6 36. Ng3 fxg4 37. Ndxe4 Nxe4 38. Bc1 Nf5 39. Nxe4 g3+ 40. Nxg3 Qxe2+ 41. Rxe2 Nd4 42. Rea2 Rf8 43. Kg2 Ne6 44. Rf2 Bd4 45. Rf1 c5 46.
bxc5 Bxc5 47. Raf3 Nd4 48. Rd3 Rg7 49. Bb2 Rfg8 50. Bxd4 Bxd4 51. Rff3 Bc5 52. Kf1 Ra8 53. Rd1 Ra4 54. f5 Rxc4 55. f6 Rf7 56. Ne2 Kg6 57.
Nf4+ Kxf6 58. Nd3+ Ke7 59. Rxf7+ Kxf7 60. Ne5+ Ke6 61. Nxc4 b5 62. Na5 Bb6 63. Nb3 1-0

[Event "*** Titled Tuesday Blitz"]
[Site "Chess.com"]
[Date "2019.08.06"]
[Round "2"]
[White "FredddieCroderg"]
[Black "nitpicker"]
[Result "1/2-1/2"]
[WhiteElo "2159"]
[BlackElo "2236"]
[TimeControl "180+2"]
[EndTime "13:24:46 PDT"]
[Termination "Game drawn - insufficient material"]

1. d4 Nf6 2. c4 e6 3. Nc3 Bb4 4.
e3 d5 5. Bd3 c5 6. Nf3 O-O 7.
O-O cxd4 8. exd4 dxc4 9. Bxc4 b6 10. Bg5 Bb7 11. a3 Bxc3 12. bxc3 Nbd7 13. Bd3 Qc7 14. Qd2 Rac8 15. Rac1 Bxf3 16. gxf3 h6 17. Bf4 Qc6 18. Qe2 Nd5 19. Bd2 Qd6 20. Kh1 Nf4 21. Bxf4 Qxf4 22. Qe4 Qxe4 23. fxe4 e5 24. Bb5 Rfd8 25. Rfd1 Nf6 26.
dxe5 Nxe4 27. Kg2 Rxd1 28. Rxd1 Nxc3 29. Rc1 Rc5 30. a4 Kf8 31. Re1 Nxb5 32. axb5 Rxb5 33. f4 g6 34. Rd1 Ke7 35. Rc1 a5 36. Rc7+ Ke8 37. Ra7 Rb4 38. Kg3 a4 39. h4 h5 40.
Kf3 Rb3+ 41. Ke4 a3 42. Kd5 b5 43. Kd6 Kf8 44. Ra8+ Kg7 45. Ke7 Rf3 46. Rb8 a2 47.
Ra8 Rxf4 48. Rxa2 Rxh4 49. Rb2 b4 50. Rf2 b3 51. Rxf7+ Kh6 52. Rf2 Rb4 53. Rb2 Kg5 54. e6 Rb7+ 55. Kf8 Kf6 56. e7 Rxe7 57. Rf2+ Kg5 58. Kxe7 h4 59. Ke6 h3 60. Ke5 Kh4 61.
Rb2 g5 62. Ke4 g4 63. Rxb3 h2 64. Rb1 Kh3 65. Kf4 g3 66. Rb8 h1=Q 67. Rh8+ Kg2 68. Rxh1 Kxh1 69. Kxg3 1/2-1/2

[Event "*** Titled Tuesday Blitz"]
[Site "Chess.com"]
[Date "2019.08.06"]
[Round "2"]
[White "enriquetejedor"]
[Black "Mr_Penings"]
[Result "0-1"]
[WhiteElo "2568"]
[BlackElo "2495"]
[TimeControl "180+2"]
[EndTime "13:24:47 PDT"]
[Termination "Mr_Penings won by checkmate"]

1. e4 c5 2. Nc3 a6 3. g3 b5 4. Bg2 Bb7 5. Nh3 b4 6. Nd5 e6 7.
Ne3 Nf6 8. d3 d5 9. e5 Nfd7 10. f4 g6 11. O-O Bg7 12. c4 bxc3 13.
bxc3 Nc6 14. Rb1 Rb8 15. g4 h6 16. d4 Ba8 17. Rxb8 Qxb8 18. f5 Qb6 19. fxg6 fxg6 20. Nc2 cxd4 21. cxd4 Ndxe5 22. Kh1 Nf7 23. Nf4 Ne7 24. Ba3 Rf8 25. Bxe7 Kxe7 26. Nxg6+ Ke8 27. Nxf8 Bxf8 28. Qf3 Qc7 29. Ne3 Bd6 30. Qf6 Qe7 31. Qxe7+ Kxe7 32. Re1 Kd7 33. Bf1 a5 34. Bb5+ Kc7 35. Rc1+ Kb6 36. a4 e5 37. Nf5 Ba3 38. Rc8 Bb7 39. Rh8 exd4 40. Rh7 Ng5 41. Rxh6+ Kc5 42.
Nd6 Ba8 43. h4 Ne4 44. Ne8 Nf2+ 45. Kg2 Nxg4 46. Ra6 Bb7 47. Rxa5 Kb6 48. Bd7 Ne3+ 49. Kf3 Kxa5 50. h5 Bf8 51. Nf6 Nc4 52. Ke2 Bh6 53.
Ng4 Bf8 54. h6 Nd6 55. h7 Bg7 56. Nh6 Ba6+ 57. Kd1 d3 58. Ng4 Kb4 59. Ne3 Ne4 60. Bb5 Bc8 61. Nxd5+ Kc5 62. Ne7 Bg4+ 63. Ke1 d2+ 64. Kf1 d1=Q+ 65. Kg2 Qf3+ 66. Kh2 Qg3+ 67. Kh1 Nf2# 0-1

[Event "*** Titled Tuesday Blitz"]
[Site "Chess.com"]
[Date "2019.08.06"]
[Round "2"]
[White "novocane"]
[Black "fidezivkovic"]
[Result "1-0"]
[WhiteElo "2195"]
[BlackElo "2270"]
[TimeControl "180+2"]
[EndTime "13:24:47 PDT"]
[Termination "novocane won on time"]

1. d4 Nf6 2. c4 e6 3. Nc3 Bb4 4. e3 c5 5. Ne2 cxd4 6. exd4 d5 7.
a3 Be7 8. Nf4 dxc4 9. Bxc4 O-O 10.
O-O Nbd7 11. Ba2 Nb6 12. Re1 Bd7 13. Qe2 Bc6 14. Nxe6 fxe6 15. Qxe6+ Kh8 16. Qxe7 Qxd4 17. Qc7 Ng4 18. Be3 Nxe3 19. fxe3 Qd2 20. Re2 Qd3 21.
Rd1 Qg6 22. Bb1 Qg5 23. Ne4 Qg4 24. Ng3 Nd5 25. Qe5 Rae8 26. Qd6 Rf6 27. Qc5 Nxe3 28. Rde1 Rfe6 29. Rxe3 Rxe3 30. Rxe3 Qd1+ 31. Nf1 Rd8 32. Qc2 g6 33. Qxd1 Rxd1 34. Bd3 a5 35. Kf2 Rc1 36. Be4 Bb5 37. Bd3 Bc6 38. Nd2 Rd1 39. Nf3 a4 40. Be4 Bb5 41. Bxb7 Rb1 42. Nd4 Rxb2+ 43. Kg3 Bc4 44.
Be4 Kg7 45. Nf3 Kf6 46. h4 Bf1 47. Ng5 h6 48. Rf3+ Ke5 49. Rxf1 hxg5 50. Bxg6 gxh4+ 51. Kh3 Rb3+ 52. Rf3 Rxf3+ 53. gxf3 Kf4 54. Be4 Kg5 55. Bc6 Kh5 56. Bxa4 1-0

[Event "*** Titled Tuesday Blitz"]
[Site "Chess.com"]
[Date "2019.08.06"]
[Round "2"]
[White "GM_shahin"]
[Black "Everyfishknows"]
[Result "1-0"]
[WhiteElo "2889"]
[BlackElo "2385"]
[TimeControl "180+2"]
[EndTime "13:24:58 PDT"]
[Termination "GM_shahin won on time"]

1. d4 Nf6 2. c4 e6 3. Nf3 Bb4+ 4. Bd2 Qe7 5. g3 Nc6 6. Nc3 Bxc3 7. Bxc3 Ne4 8. Rc1 d6 9. Bg2 O-O 10. d5 Nxc3 11. Rxc3 Nd8 12. O-O e5 13. Qc2 c5 14.
dxc6 Nxc6 15. Rd1 Be6 16. e3 Rfd8 17. Nh4 g6 18. a3 a5 19. Bd5 Rac8 20. Qb3 Rc7 21.
Qb6 Rdc8 22. Rcd3 Bg4 23. f3 Bd7 24. Ng2 e4 25. Bxe4 Ne5 26. Qxd6 Qxd6 27. Rxd6 Be6 28. Rd8+ Rxd8 29. Rxd8+ Kg7 30. Nf4 Nxc4 31. Nxe6+ fxe6 32. Rb8 Nxe3 33. b3 Nd5 34. Kf2 Kf6 35. h4 h6 36. f4 g5 37. fxg5+ hxg5 38. h5 Kg7 39. Ke1 g4 40. Kd2 Nf6 41. Bg6 Nd5 42. Bd3 Nf6 43. Bg6 Nd5 44. Kd3 Rc3+ 45. Kd4 Rxb3 46. Be4 Nf6 47. Bg6 Rxa3 48. Rxb7+ Kh6 49. Rb6 Nxh5 50.
Rxe6 Nxg3 51. Bd3+ Kg7 52. Rg6+ Kf7 53. Rxg4 Ra4+ 54.
Bc4+ Kf6 55. Rxg3 Ra1 56. Rf3+ Ke7 57. Rf5 Kd6 58. Rf6+ Ke7 59. Re6+ Kd7 60. Kc5 a4 61.
Ra6 a3 62. Ra7+ Ke8 63. Kd6 Kf8 64. Rf7+ Ke8 65. Rf2 Rd1+ 66. Bd5 a2 67. Rxa2 Kf8 68.
Rg2 1-0

[Event "*** Titled Tuesday Blitz"]
[Site "Chess.com"]
[Date "2019.08.06"]
[Round "2"]
[White "saraswathii"]
[Black "ZZWW18"]
[Result "1-0"]
[WhiteElo "2336"]
[BlackElo "2445"]
[TimeControl "180+2"]
[EndTime "13:24:58 PDT"]
[Termination "saraswathii won by resignation"]

1. d4 Nf6 2. Bf4 d5 3. e3 c6 4.
c4 Qb6 5. Qb3 dxc4 6. Bxc4 Qxb3 7. axb3 a6 8. Nf3 Bf5 9. Nc3 e6 10. O-O Nbd7 11. Rfe1 Bb4 12. Nd2 Nh5 13. Bg3 Nxg3 14.
hxg3 O-O-O 15. e4 Bg6 16. Nf3 Nf6 17. Bd3 c5 18. Rec1 Kb8 19. Ra4 Bxc3 20. Rxc3 cxd4 21. Nxd4 Nxe4 22. Bxe4 Bxe4 23. Nxe6 Rd1+ 24. Kh2 Bc6 25. Rd4 Rxd4 26. Nxd4 Bd5 27. Nf5 g6 28. Ne3 Be6 29.
b4 Rd8 30. Rc2 Rd4 31. b5 axb5 32. Re2 Kc7 33. Nc2 Rd6 34. Na3 b4 35. Nb5+ Kc6 36.
Nxd6 Kxd6 37. Rc2 b3 38. Rc3 b5 39. Kg1 h5 40. Kf1 Ke5 41. Ke2 Bc4+ 42. Ke3 Kd6 43. Kd4 Be6 44. Rc5 Bd7 45. Rd5+ Kc7 46. Kc5 Bc6 47.
Rd3 Bxg2 48. Rxb3 Bf1 49. Rf3 Bc4 50. b3 Be6 51. Kxb5 g5 52. Kc5 h4 53. gxh4 gxh4 54.
b4 h3 55. Rf6 Kd7 56. Rh6 Ke7 57. Kc6 Kf8 58. b5 Kg7 59. Rh4 Kg6 60. b6 Kg5 61.
Rh8 Bg4 62. b7 Bf3+ 63. Kc7 Bxb7 64. Kxb7 f5 65. Rxh3 Kg4 66. Rc3 f4 67. Kc6 1-0

[Event "*** Titled Tuesday Blitz"]
[Site "Chess.com"]
[Date "2019.08.06"]
[Round "2"]
[White "GMMarcinDziuba"]
[Black "SaraciNderim"]
[Result "1/2-1/2"]
[WhiteElo "2697"]
[BlackElo "2831"]
[TimeControl "180+2"]
[EndTime "13:25:00 PDT"]
[Termination "Game drawn - insufficient material"]

1. Nf3 Nf6 2. g3 b6 3. Bg2 Bb7 4. O-O g6 5. b3 Bg7 6. Bb2 O-O 7. c4 d6 8. d4 c5 9. d5 Nbd7 10. Nc3 a6 11. a4 b5 12. axb5 axb5 13. Rxa8 Qxa8 14.
Nxb5 Ba6 15. Nc7 Qb7 16. Nxa6 Qxa6 17. Qc2 Rb8 18. Ra1 Qb6 19. Ra3 Qb4 20. Bh3 Nf8 21. Nd2 N6d7 22. Ra4 Qxa4 23. bxa4 Rxb2 24. Qd1 Ra2 25. Kg2 Nb6 26. Qb3 Rb2 27. Qd1 Nxa4 28. Qxa4 Rxd2 29. e3 Bh6 30. Kg1 Bg5 31. Bc8 Kg7 32.
h4 Bf6 33. Kg2 h5 34. Qe8 Rb2 35. Ba6 Nh7 36. Bb5 g5 37. Qd7 gxh4 38. Qf5 hxg3 39. Kxg3 h4+ 40. Kg2 Ng5 41. Bd7 Ra2 42. Kg1 Ra1+ 43.
Kh2 Ra2 44. Kg1 h3 45. Qg4 h2+ 46. Kxh2 Rxf2+ 47. Kg1 Rf3 48. e4 Rc3 49. e5 dxe5 50.
Bf5 e4 51. Qe2 Bd4+ 52. Kh1 Rc1+ 53. Kg2 Rg1+ 54. Kh2 Nf3+ 55. Kh3 Be5 56. Qf2 Rg3+ 57. Qxg3+ Bxg3 58. Kxg3 Nd2 59. Kf4 Kf6 60. Bxe4 Nxe4 61. Kxe4 Kg5 62. Ke5 Kg6 63. d6 f6+ 64. Ke6 exd6 65.
Kxd6 f5 66. Kxc5 f4 67. Kd4 Kf5 68. c5 f3 69. Ke3 Ke5 70. Kxf3 Kd5 71. c6 Kxc6 1/2-1/2

[Event "*** Titled Tuesday Blitz"]
[Site "Chess.com"]
[Date "2019.08.06"]
[Round "2"]
[White "Lion_DL"]
[Black "playablecharacter"]
[Result "1-0"]
[WhiteElo "2342"]
[BlackElo "2223"]
[TimeControl "180+2"]
[EndTime "13:25:02 PDT"]
[Termination "Lion_DL won by resignation"]

1. e4 c6 2. d3 d5 3. Nd2 Nf6 4. Ngf3 Bg4 5. h3 Bh5 6. g4 Bg6 7. Qe2 e6 8. Bg2 b5 9. exd5 cxd5 10. Ne5 Nbd7 11. Ndf3 Bd6 12. O-O O-O 13. Bg5 Qc7 14.
Nxd7 Nxd7 15. Rac1 Rac8 16. Nh4 a5 17. Rfe1 a4 18.
Nxg6 hxg6 19. h4 Bh2+ 20. Kh1 Bf4 21. Bxf4 Qxf4 22. Qf3 Qxf3 23. Bxf3 Rc5 24. d4 Rc7 25. a3 Nb6 26. Be2 Nc4 27. Bxc4 bxc4 28. c3 Rb8 29. Rc2 Rb6 30. Kg2 f6 31. f4 Kf7 32. Kf3 Rc8 33.
Ree2 Rcb8 34. Kg3 Rh8 35. Rcd2 Rb7 36. Rc2 Re8 37. Rcd2 Rbe7 38. Kf3 Rb7 39. Kg3 Rb6 40. Kf3 Rc6 41. Kg3 Ra6 42. Kf3 Ra5 43. Kg3 Rb5 44. Kf3 Rb3 45. Kg3 Rbb8 46. Kf3 Rbd8 47. Kg3 Rd7 48. Kf3 Ke7 49. Kg3 Kd6 50. Kf3 Rde7 51. Kf2 e5 52. dxe5+ fxe5 53. fxe5+ Rxe5 54. Rxe5 Rxe5 55. Rd4 Re4 56. Kf3 Re1 57. Rd2 Rf1+ 58. Kg3 Re1 59.
Kf4 Re4+ 60. Kg5 Ke5 61. Rg2 d4 62. cxd4+ Kxd4 63. Kxg6 Re7 64. h5 Kd3 65. g5 c3 66.
Rg3+ Kd4 67. Rxc3 1-0

[Event "*** Titled Tuesday Blitz"]
[Site "Chess.com"]
[Date "2019.08.06"]
[Round "2"]
[White "Jospem"]
[Black "Thee-Chessboy"]
[Result "1-0"]
[WhiteElo "2910"]
[BlackElo "2397"]
[TimeControl "180+2"]
[EndTime "13:25:04 PDT"]
[Termination "Jospem won by resignation"]

1. a3 g6 2. g3 Bg7 3. Bg2 Nf6 4. d3 O-O 5. Nd2 d5 6. Ngf3 c5 7. O-O Nc6 8. e4 dxe4 9. dxe4 e5 10. c3 h6 11. Qe2 Qc7 12. Nc4 Be6 13. Nfd2 Rfd8 14.
a4 Rd7 15. Ne3 Rad8 16. Ndc4 b6 17. b3 a6 18. Rb1 b5 19. axb5 axb5 20. Na3 b4 21.
Nb5 Qb7 22. c4 Nd4 23. Nxd4 exd4 24. Nd5 Bxd5 25. cxd5 Re8 26. Qd3 Rde7 27. f3 Qb6 28. Bd2 Ra7 29. Rb2 Ra3 30. f4 Ng4 31. Rc1 h5 32. h3 Nh6 33. Kh2 Bf8 34. Bf3 Rea8 35. Kg2 Ra2 36. Rcc2 Rxb2 37. Rxb2 Qa6 38. Qxa6 Rxa6 39.
g4 hxg4 40. hxg4 Kg7 41. g5 Ng8 42. e5 Ne7 43. d6 Nf5 44. Be4 Ra3 45. Kf2 Nh4 46. Bd5 Nf5 47. Rc2 Ra5 48. Ke2 Kg8 49.
Kd3 Ng7 50. Ke4 Ne6 51. Rc1 Ng7 52. Rc4 Nf5 53. Kd3 Ng7 54. Be1 Ne6 55. Ke4 Ng7 56.
Rc1 Nf5 57. Bf2 Ng7 58. d7 Be7 59. Bxd4 Nf5 60. Bxc5 Bd8 61. Bxb4 Ng3+ 62. Kf3 Rxd5 63. Rc8 Rxd7 64. Kxg3 Kg7 65. Bd6 Bb6 66. Bf8+ Kh7 67. Bd6 Rb7 68. b4 Bd4 69. Kf3 Bc3 70. Rxc3 1-0

[Event "*** Titled Tuesday Blitz"]
[Site "Chess.com"]
[Date "2019.08.06"]
[Round "2"]
[White "santosalberto1987"]
[Black "Misha_Bilous"]
[Result "1/2-1/2"]
[WhiteElo "2475"]
[BlackElo "2446"]
[TimeControl "180+2"]
[EndTime "13:25:04 PDT"]
[Termination "Game drawn by stalemate"]

1. e4 c5 2. Nf3 d6 3. Bb5+ Bd7 4.
Bxd7+ Qxd7 5. c4 Nc6 6. Nc3 g6 7. d4 cxd4 8. Nxd4 Bg7 9. Be3 Nf6 10. f3 O-O 11. O-O e6 12. Qd2 Rfd8 13. Rad1 d5 14.
Nxc6 bxc6 15. e5 Ne8 16. f4 f6 17. Bd4 fxe5 18. Bxe5 Nc7 19. Qd4 Rf8 20. Bxg7 Qxg7 21. Qxg7+ Kxg7 22. g3 Rad8 23. Na4 dxc4 24. Nc5 Rd5 25.
Ne4 Rfd8 26. Nc3 Rd2 27. Rxd2 Rxd2 28. Rf2 Rd3 29. Re2 Kf7 30. Kf2 Nb5 31. Ne4 h6 32. Rd2 Rxd2+ 33. Nxd2 c3 34. bxc3 Nxc3 35. a3 Kf6 36.
Nc4 Nd5 37. Kf3 g5 38. Ke4 gxf4 39. gxf4 Nc3+ 40. Kd4 Ne2+ 41. Ke3 Nc1 42. Ne5 Nb3 43. Nxc6 a6 44. Ke4 Nc5+ 45. Kd4 Nd7 46. Nb4 Kf5 47. Nxa6 Kxf4 48. Nb4 e5+ 49. Kd5 e4 50. Kc6 Ne5+ 51. Kb5 e3 52. Nd5+ Ke4 53. Nxe3 Kxe3 54. a4 Nf7 55. a5 Nd6+ 56. Kc6 Nc8 57. Kb7 Nd6+ 58.
Kc7 Nb5+ 59. Kb6 Nd6 60. a6 Kd4 61. Kc6 Nc8 62. Kb7 Nd6+ 63. Kc7 Kc5 64. a7 Nb5+ 65. Kb7 Nxa7 66. Kxa7 h5 67. h4 Kd4 68. Kb6 Ke4 69. Kc5 Kf4 70. Kd4 Kg4 71. Ke3 Kxh4 72. Kf2 Kh3 73.
Kg1 Kg3 74. Kh1 h4 75. Kg1 h3 76. Kh1 h2 1/2-1/2

[Event "*** Titled Tuesday Blitz"]
[Site "Chess.com"]
[Date "2019.08.06"]
[Round "2"]
[White "Parhamov"]
[Black "belisarius64"]
[Result "1/2-1/2"]
[WhiteElo "2964"]
[BlackElo "2645"]
[TimeControl "180+2"]
[EndTime "13:25:18 PDT"]
[Termination "Game drawn by agreement"]

1. Nf3 c5 2. c4 Nc6 3. b3 Nf6 4. Bb2 g6 5. g3 Bg7 6. Bg2 O-O 7. O-O d6 8. d4 cxd4 9. Nxd4 Bd7 10. Nc3 Nxd4 11.
Qxd4 Bc6 12. Qd2 a6 13. Bxc6 bxc6 14. e4 Qa5 15. Rad1 Qh5 16. Kg2 Rfd8 17. h3 Rac8 18. Rfe1 Qa5 19. Qe2 Nd7 20. Na4 Bxb2 21. Qxb2 Nb6 22.
Nc3 Rb8 23. Qc2 Nd7 24. Re3 Nc5 25. f4 Qb6 26. Qd2 a5 27. Ne2 a4 28. Nc1 Qb4 29. Qxb4 Rxb4 30. e5 axb3 31. axb3 d5 32. cxd5 cxd5 33.
Rc3 Ne4 34. Rc7 e6 35. h4 Ra8 36. h5 gxh5 37. Rh1 Ra1 38. Rxh5 Rd4 39. Rh4 Rd1 40. Rc8+ Kg7 41. Rg4+ Kh6 42. Rcg8 Rd2+ 43. Kf3 Rh2 44. Nd3 Rb1 45. Rb8 Nd2+ 46. Ke3 Nxb3 47. f5 d4+ 48. Kf4 Rf1+ 49. Ke4 exf5+ 50. Kd5 fxg4 51.
Rxb3 Rf3 52. Rb6+ Kg5 53. Nc5 Re2 54. Ne4+ Rxe4 55. Kxe4 d3 56. Rb8 Rxg3 57. Rg8+ Kh6 58. Kf4 d2 59. Rd8 Rg2 60. Rd6+ Kg7 61. Rd8 h5 62.
Kg5 g3 63. Kh4 Kg6 64. Kh3 Re2 65. Kxg3 Kf5 66. Kf3 Rh2 67. Kg3 Re2 68. Kf3 Rxe5 69. Rxd2 Ra5 70. Kg3 Kg5 71. Rd3 f5 72. Kh3 h4 73.
Rd8 Ra3+ 74. Kh2 Kg4 75. Rg8+ Kf4 76. Rb8 Ra2+ 77. Kh3 Ra3+ 78. Kxh4 Ra7 79. Rb4+ Kf3 80. Kg5 Rf7 1/2-1/2